 Dungeon Crawl Stone Soup version 0.15-a0-1579-gd26fec2 (console) character file.

1388 JOKER the Cleaver (level 8, -3/62 HPs)
             Began as a Minotaur Gladiator on June 19, 2014.
             Was an Initiate of Cheibriados.
             Slain by a wight
             ... wielding a +1 dire flail
              (12 damage)
             ... on Level 7 of the Dungeon.
             The game lasted 00:10:09 (1959 turns).

JOKER the Cleaver (Minotaur Gladiator)              Turns: 1959, Time: 00:10:09

HP  -3/62        AC  6     Str 20      XL: 8   Next: 40%
MP   0/9         EV 12     Int  6      God: Cheibriados [......]
Gold 101         SH  0     Dex 12      Spells:  0 memorised,  7 levels left

rFire  . . .     SeeInvis .     E - +0 war axe
rCold  + . .     Clarity  .     u - +2 leather armour {rC+}
rNeg   . . .     rCorr    .     (no shield)
rPois  .         rRot     .     c - +0 hat
rElec  .         Spirit   +     (no cloak)
SustAb .         Warding  .     (no gloves)
rMut   .         Stasis   .     a - +0 pair of boots
Gourm  .                        h - amulet of guardian spirit
MR     .....                    (no ring)
                                w - cursed -3 ring of strength

@: drained, very slow, not resistant to hostile enchantments, very unstealthy
A: retaliatory headbutt, horns 2
a: Bend Time, Renounce Religion


You were on level 7 of the Dungeon.
You worshipped Cheibriados.
Cheibriados was noncommittal.
You were not hungry.

You visited 2 branches of the dungeon, and saw 8 of its levels.
You also visited: Sewer.

You collected 101 gold pieces.

Inventory:

Hand weapons
 p - a +2 blowgun
 E - a +0 war axe (weapon)
Missiles
 d - 2 throwing nets (quivered)
Armour
 a - a +0 pair of boots (worn)
 c - a +0 hat (worn)
 s - a +0 plate armour
 u - a +2 leather armour of cold resistance (worn)
Magical devices
 m - a wand of frost (10)
 y - a wand of slowing (11)
 B - a wand of lightning (4)
 F - a wand of random effects (1)
Comestibles
 f - 2 bread rations
 g - a beef jerky
 K - a meat ration
Scrolls
 n - a scroll of enchant armour {unknown}
 q - a scroll of remove curse
 t - 3 scrolls of blinking {unknown}
 v - a scroll of fog {unknown}
 x - a scroll of fear {unknown}
 C - a scroll of teleportation {unknown}
 G - a scroll of enchant weapon {unknown}
 I - a scroll of immolation {unknown}
Jewellery
 h - an amulet of guardian spirit (around neck)
 w - a cursed -3 ring of strength (left hand)
Potions
 b - 2 potions of heal wounds
 e - 2 potions of brilliance {unknown}
 j - a potion of haste
 k - 5 potions of curing
 l - a potion of resistance
 o - 5 potions of agility {unknown}
 r - a potion of might
 D - a potion of degeneration {unknown}
 H - 2 potions of flight {unknown}
Magical staves
 i - an uncursed staff of wizardry


   Skills:
 - Level 2.4(2.2) Fighting
 - Level 11.5(11.3) Axes
 - Level 2.0(1.8) Throwing
 - Level 3.2(3.1) Dodging
 + Level 4.1(3.9) Invocations


You had 7 spell levels left.
You didn't know any spells.

Dungeon Overview and Level Annotations

Branches:
Dungeon (7/15)             Temple (1/1) D:6

Altars:
Ashenzari
Cheibriados
Dithmenos
Fedhas
Kikubaaqudgha
Makhleb
Qazlal
Sif Muna
Trog
Xom
Yredelemnul
Zin


Innate Abilities, Weirdness & Mutations

You reflexively headbutt those who attack you in melee.
You have a pair of horns on your head.


Message History

* * * LOW HITPOINT WARNING * * *
Unknown command.
You hit the wight but do no damage.
The wight is moderately damaged.
The kobold throws a stone.
The stone barely misses you.
The big kobold throws a stone.
The stone barely misses you.
You hear some strange, mumbled words.
The magic dart hits you!
* * * LOW HITPOINT WARNING * * *
You barely miss the wight.
The wight is moderately damaged.
The wight hits you but does no damage.
The kobold throws a stone.
The stone hits you but does no damage.
The big kobold throws a stone.
The stone closely misses you. Something hits you.
* * * LOW HITPOINT WARNING * * *
You hit the wight. You headbutt the wight.
The wight is almost destroyed.
The big kobold throws a stone.
The stone hits you but does no damage. The wight hits you with a dire flail!
You die...

#.# #.# #.#####
# #.#...
...#..##.#># ###
#.........# ...
.........#.###.#
##..#####.()z.#
#. ###@#......
#)# ...
#KK...(...
###...... ......
...#. .... .$ .


You could see a big kobold, a wight and a kobold.

Vanquished Creatures
  Grinder (D:6)
  A wyvern (D:7)
  A sky beast (D:5)
  An ogre (D:5)
  2 big kobolds (Sewer)
  3 giant frogs
  3 wights (D:7)
  An orc wizard (D:5)
  3 big fish (Sewer)
  2 orc priests (D:4)
  An iguana (D:4)
  3 worker ants
  A green rat (D:4)
  5 adders
  A giant mite (D:4)
  4 giant geckos
  2 oozes (Sewer)
  9 orcs
  3 ball pythons (Sewer)
  5 bats
  A bat skeleton (D:4)
  2 hobgoblins
  6 jackals (D:4)
  20 kobolds
  A giant cockroach (D:4)
  3 giant newts
  6 goblins
  7 rats
98 creatures vanquished.

Vanquished Creatures (others)
  A kobold (D:7)
1 creature vanquished.

Grand Total: 99 creatures vanquished

Notes
Turn   | Place    | Note
--------------------------------------------------------------
     0 | D:1      | JOKER, the Minotaur Gladiator, began the quest for the Orb.
     0 | D:1      | Reached XP level 1. HP: 18/18 MP: 1/1
   123 | D:1      | Reached skill level 4 in Axes
   197 | D:1      | Reached XP level 2. HP: 19/25 MP: 1/1
   358 | D:4      | Reached skill level 5 in Axes
   358 | D:4      | Reached XP level 3. HP: 7/30 MP: 0/2
   508 | D:4      | Reached XP level 4. HP: 22/37 MP: 2/2
   508 | D:4      | Reached skill level 6 in Axes
   538 | D:4      | Found a stormy altar of Qazlal.
   677 | D:4      | Reached XP level 5. HP: 12/42 MP: 1/2
   732 | D:4      | Found a basalt altar of Yredelemnul.
   775 | D:4      | Reached skill level 7 in Axes
   778 | D:4      | Found a glowing drain.
   795 | Sewer    | Entered a sewer
   901 | Sewer    | Reached skill level 8 in Axes
   966 | Sewer    | Reached XP level 6. HP: 11/50 MP: 1/3
  1112 | Sewer    | HP: 1/50 [big fish (3)]
  1198 | Sewer    | Reached skill level 9 in Axes
  1369 | D:5      | Entered Level 5 of the Dungeon
  1400 | D:5      | Reached XP level 7. HP: 50/56 MP: 3/3
  1432 | D:5      | Reached skill level 10 in Axes
  1465 | D:5      | Found a burning altar of Makhleb.
  1465 | D:5      | Found an ancient bone altar of Kikubaaqudgha.
  1565 | D:5      | Found a glowing silver altar of Zin.
  1628 | D:6      | Noticed Grinder
  1652 | D:6      | Killed Grinder
  1652 | D:6      | Reached skill level 11 in Axes
  1744 | D:6      | Reached XP level 8. HP: 15/62 MP: 1/3
  1851 | D:6      | Found a staircase to the Ecumenical Temple.
  1862 | Temple   | Entered the Ecumenical Temple
  1874 | Temple   | Became a worshipper of Cheibriados the Contemplative
  1959 | D:7      | Slain by a wight

Action                   |  1- 3 |  4- 6 |  7- 9 || total
-------------------------+-------+-------+-------++-------
Melee: War axe           |    53 |   115 |    80 ||   248
Throw: Throwing net      |       |     1 |     1 ||     2
Evoke: Wand              |     1 |     3 |     5 ||     9
  Use: Scroll            |       |     3 |     3 ||     6
       Potion            |       |       |     2 ||     2
 Stab: Held in net/web   |       |     1 |       ||     1
